TOP OF THE 1ST |
Altoona Curve batting - Pitching for Columbia Fireflies : RHP Jose Esquibel
|
Pitching: RHP Jose Esquibel
|
|
Batting: LHB Sammy Roddenberry
|
0-0: Ground out U3 (Groundball, 3, EV 86.2 MPH)
|
Batting: RHB Jose Almonte
|
0-0: Called Strike 0-1: Foul Ball, location: 2F 0-2: Ball 1-2: Ball 2-2: Foul Ball, location: 2F 2-2: SINGLE (Groundball, 6MD, EV 101.9 MPH)
|
Batting: LHB Phil DeCamp
|
0-0: Called Strike 0-1: Ball 1-1: Fielders Choice at 2nd, 4-6 (Groundball, 4M, EV 88.1 MPH)
|
Batting: LHB Gregg Kellerman
|
0-0: Ball Phil DeCamp is caught stealing 2nd base 2-6
|
Top of the 1st over - 0 runs, 1 hit, 0 errors, 0 left on base; Altoona 0 - Columbia 0 |
BOTTOM OF THE 1ST |
Columbia Fireflies batting - Pitching for Altoona Curve : LHP Ryan Rakoff
|
Pitching: LHP Ryan Rakoff
|
|
Batting: RHB Larry Shoop
|
0-0: TRIPLE (Flyball, 89XD, EV 96.2 MPH)
|
Batting: RHB Andy Carrell
|
0-0: Called Strike 0-1: Fly out, F9 (Line Drive, 9D, EV 89.4 MPH) Runner from 3rd tags up, SCORES, no throw by RF
|
Batting: SHB Masatoshi Akahoshi
|
0-0: Called Strike 0-1: Ball 1-1: Ball 2-1: Fly out, F8 (Flyball, 8LD, EV 76.9 MPH)
|
Batting: RHB Jose Lara
|
0-0: Called Strike 0-1: Swinging Strike 0-2: Foul Ball, location: 2F 0-2: Ball 1-2: Ball 2-2: Strikes out swinging
|
Bottom of the 1st over - 1 run, 1 hit, 0 errors, 0 left on base; Altoona 0 - Columbia 1 |
TOP OF THE 2ND |
Altoona Curve batting - Pitching for Columbia Fireflies : RHP Jose Esquibel
|
Batting: LHB Gregg Kellerman
|
0-0: Ground out 4-3 (Groundball, 34, EV 93.8 MPH)
|
Batting: RHB Freddy Quintero
|
0-0: Ball 1-0: Ball 2-0: SINGLE (Groundball, 6MD, EV 105.0 MPH)
|
Batting: LHB Jorge Quintana
|
0-0: Called Strike 0-1: Ball 1-1: Fly out, F9 (Flyball, 9, EV 86.2 MPH)
|
Batting: RHB Richard Barrios
|
0-0: Ball 1-0: Called Strike 1-1: Swinging Strike 1-2: Hit by Pitch Freddy Quintero to second
|
Batting: RHB Keiji Nakajima
|
0-0: Foul Ball, location: 2F 0-1: Ground out U3 (Groundball, 34S, EV 85.6 MPH)
|
Top of the 2nd over - 0 runs, 1 hit, 0 errors, 2 left on base; Altoona 0 - Columbia 1 |
BOTTOM OF THE 2ND |
Columbia Fireflies batting - Pitching for Altoona Curve : LHP Ryan Rakoff
|
Batting: SHB Justin Wallace
|
0-0: Ball 1-0: Called Strike 1-1: Ball 2-1: Ball 3-1: Swinging Strike 3-2: Ground out 5-3 (Groundball, 56, EV 85.0 MPH)
|
Batting: RHB Dan Muse
|
0-0: Ball 1-0: Ball 2-0: Foul Ball, location: 2F 2-1: Swinging Strike 2-2: Foul Ball, location: 2F 2-2: Strikes out looking
|
Batting: LHB Tony Leyba
|
0-0: Ball 1-0: Called Strike 1-1: Ground out 4-3 (Groundball, 4, EV 79.4 MPH)
|
Bottom of the 2nd over - 0 runs, 0 hits, 0 errors, 0 left on base; Altoona 0 - Columbia 1 |
TOP OF THE 3RD |
Altoona Curve batting - Pitching for Columbia Fireflies : RHP Jose Esquibel
|
Batting: RHB Pleun Smit
|
0-0: Swinging Strike 0-1: Fly out, F7 (Flyball, 7, EV 93.8 MPH)
|
Batting: LHB Sammy Roddenberry
|
0-0: Ball 1-0: Fly out, F8 (Line Drive, 8LM, EV 89.4 MPH)
|
Batting: RHB Jose Almonte
|
0-0: Ball 1-0: Foul Ball, location: 2F 1-1: Ground out 6-3 (Groundball, 6, EV 86.2 MPH)
|
Top of the 3rd over - 0 runs, 0 hits, 0 errors, 0 left on base; Altoona 0 - Columbia 1 |
BOTTOM OF THE 3RD |
Columbia Fireflies batting - Pitching for Altoona Curve : LHP Ryan Rakoff
|
Batting: RHB Fathi Addae
|
0-0: Swinging Strike 0-1: Called Strike 0-2: Ball 1-2: Strikes out swinging
|
Batting: RHB David Reyna
|
0-0: Called Strike 0-1: Ball 1-1: Ground out 4-3 (Groundball, 4, EV 86.2 MPH)
|
Batting: RHB Larry Shoop
|
0-0: Called Strike 0-1: Foul Ball, location: 2F 0-2: Foul Ball, location: 2F 0-2: Ball 1-2: Strikes out looking
|
Bottom of the 3rd over - 0 runs, 0 hits, 0 errors, 0 left on base; Altoona 0 - Columbia 1 |
TOP OF THE 4TH |
Altoona Curve batting - Pitching for Columbia Fireflies : RHP Jose Esquibel
|
Batting: LHB Phil DeCamp
|
0-0: Called Strike 0-1: Ball 1-1: Called Strike 1-2: Foul Ball, location: 2F 1-2: Strikes out swinging
|
Batting: LHB Gregg Kellerman
|
0-0: Called Strike 0-1: Ball 1-1: Ball 2-1: Ball 3-1: Base on Balls
|
Batting: RHB Freddy Quintero
|
0-0: Called Strike 0-1: Swinging Strike 0-2: Grounds into double play, 5-4-3 (Groundball, 5, EV 82.5 MPH)
|
Top of the 4th over - 0 runs, 0 hits, 0 errors, 0 left on base; Altoona 0 - Columbia 1 |
BOTTOM OF THE 4TH |
Columbia Fireflies batting - Pitching for Altoona Curve : LHP Ryan Rakoff
|
Batting: RHB Andy Carrell
|
0-0: Ball 1-0: Ground out 4-3 (Groundball, 4, EV 83.1 MPH)
|
Batting: SHB Masatoshi Akahoshi
|
0-0: Ball 1-0: Ground out 5-3 (Groundball, 56, EV 103.1 MPH)
|
Batting: RHB Jose Lara
|
0-0: Ball 1-0: Foul Ball, location: 2F 1-1: Ground out 5-3 (Groundball, 5S, EV 85.0 MPH)
|
Bottom of the 4th over - 0 runs, 0 hits, 0 errors, 0 left on base; Altoona 0 - Columbia 1 |
TOP OF THE 5TH |
Altoona Curve batting - Pitching for Columbia Fireflies : RHP Jose Esquibel
|
Batting: LHB Jorge Quintana
|
0-0: Ball 1-0: Called Strike 1-1: Foul Ball, location: 2F 1-2: Ball 2-2: Ball 3-2: SINGLE (Groundball, 5D, EV 103.8 MPH)
|
Batting: RHB Richard Barrios
|
0-0: Ball 1-0: Called Strike 1-1: Called Strike 1-2: Ball 2-2: Fly out, F8 (Flyball, 8LM, EV 85.0 MPH)
|
Batting: RHB Keiji Nakajima
|
0-0: Called Strike 0-1: Swinging Strike 0-2: Fly out, F8 (Flyball, 8RXD, EV 97.5 MPH)
|
Batting: RHB Pleun Smit
|
0-0: Called Strike 0-1: Called Strike 0-2: Fly out, F3 (Popup, 3SF, EV 90.6 MPH)
|
Top of the 5th over - 0 runs, 1 hit, 0 errors, 1 left on base; Altoona 0 - Columbia 1 |
BOTTOM OF THE 5TH |
Columbia Fireflies batting - Pitching for Altoona Curve : LHP Ryan Rakoff
|
Batting: SHB Justin Wallace
|
0-0: Called Strike 0-1: Foul Ball, location: 2F 0-2: Foul Ball, location: 2F 0-2: Strikes out looking
|
Batting: RHB Dan Muse
|
0-0: Ball 1-0: Foul Ball, location: 2F 1-1: Ball 2-1: Ball 3-1: Base on Balls
|
Batting: LHB Tony Leyba
|
0-0: Called Strike 0-1: Ball 1-1: Swinging Strike 1-2: Ball 2-2: Foul Ball, location: 2F 2-2: Strikes out swinging
|
Batting: RHB Fathi Addae
|
0-0: SINGLE (Groundball, 6D, EV 93.8 MPH) Dan Muse to second Runner from 2nd tries for 3rd, OUT! 7-5
|
Bottom of the 5th over - 0 runs, 1 hit, 0 errors, 1 left on base; Altoona 0 - Columbia 1 |
TOP OF THE 6TH |
Altoona Curve batting - Pitching for Columbia Fireflies : RHP Jose Esquibel
|
Batting: LHB Sammy Roddenberry
|
0-0: Ball 1-0: Ground out 4-3 (Groundball, 4S, EV 90.6 MPH)
|
Batting: RHB Jose Almonte
|
0-0: Called Strike 0-1: SINGLE (Line Drive, 34D, EV 100.0 MPH)
|
Batting: LHB Phil DeCamp
|
0-0: Called Strike 0-1: Foul Ball, location: 3F, Error on foul ball, E3 0-2: Ball 1-2: Ball 2-2: Strikes out swinging
|
Batting: LHB Gregg Kellerman
|
0-0: Ball Jose Almonte steals 2nd base 1-0: Called Strike 1-1: Ground out 4-3 (Groundball, 4, EV 89.4 MPH)
|
Top of the 6th over - 0 runs, 1 hit, 1 error, 1 left on base; Altoona 0 - Columbia 1 |
BOTTOM OF THE 6TH |
Columbia Fireflies batting - Pitching for Altoona Curve : LHP Ryan Rakoff
|
Batting: RHB David Reyna
|
0-0: Swinging Strike 0-1: Ball 1-1: Ball 2-1: Swinging Strike 2-2: SINGLE (Line Drive, 78S, EV 104.4 MPH)
|
Batting: RHB Larry Shoop
|
0-0: DOUBLE (Line Drive, 9LM, EV 106.2 MPH) David Reyna to third
|
Batting: RHB Andy Carrell
|
0-0: SINGLE (Line Drive, 6D, EV 101.2 MPH) David Reyna scores Larry Shoop to third
|
Batting: SHB Masatoshi Akahoshi
|
0-0: Ball 1-0: Ball 2-0: Called Strike 2-1: Ball 3-1: Base on Balls Andy Carrell to second
|
Batting: RHB Jose Lara
|
0-0: Grounds into double play, 6-4-3 (Groundball, 56, EV 107.5 MPH) Larry Shoop scores Andy Carrell to third
|
Batting: SHB Justin Wallace
|
0-0: Ball 1-0: Foul Ball, location: 2F 1-1: Ball 2-1: Fly out, F9 (Flyball, 89M, EV 93.8 MPH)
|
Bottom of the 6th over - 2 runs, 3 hits, 0 errors, 1 left on base; Altoona 0 - Columbia 3 |
TOP OF THE 7TH |
Altoona Curve batting - Pitching for Columbia Fireflies : RHP Jose Esquibel
|
Batting: RHB Freddy Quintero
|
0-0: Ground out 4-3 (Groundball, 4, EV 78.1 MPH)
|
Batting: LHB Jorge Quintana
|
0-0: Swinging Strike 0-1: Foul Ball, location: 2F 0-2: Ball 1-2: Strikes out looking
|
Batting: RHB Richard Barrios
|
0-0: Foul Ball, location: 2F 0-1: Ball 1-1: Ball 2-1: Ball 3-1: Base on Balls
|
Batting: RHB Keiji Nakajima
|
0-0: Called Strike 0-1: Ball 1-1: Fly out, F7 (Flyball, 78S, EV 85.6 MPH)
|
Top of the 7th over - 0 runs, 0 hits, 0 errors, 1 left on base; Altoona 0 - Columbia 3 |
BOTTOM OF THE 7TH |
Columbia Fireflies batting - Pitching for Altoona Curve : LHP Ryan Rakoff
|
Batting: RHB Dan Muse
|
0-0: Foul Ball, location: 2F 0-1: Foul Ball, location: 2F 0-2: Strikes out swinging
|
Batting: LHB Tony Leyba
|
0-0: Foul Ball, location: 2F 0-1: Swinging Strike 0-2: Ball 1-2: Ball 2-2: Fly out, F8 (Flyball, 8RD, EV 95.0 MPH)
|
Batting: RHB Fathi Addae
|
0-0: Swinging Strike 0-1: Ball 1-1: Called Strike 1-2: Strikes out swinging
|
Bottom of the 7th over - 0 runs, 0 hits, 0 errors, 0 left on base; Altoona 0 - Columbia 3 |
TOP OF THE 8TH |
Altoona Curve batting - Pitching for Columbia Fireflies : RHP Jose Esquibel
|
Batting: RHB Pleun Smit
|
0-0: Ball 1-0: TRIPLE (Flyball, 78XD, EV 101.9 MPH)
|
Batting: LHB Sammy Roddenberry
|
0-0: Foul Ball, location: 2F 0-1: Foul Ball, location: 2F 0-2: Ball 1-2: SINGLE (Groundball, 4MS, EV 70.6 MPH) (infield hit) Pleun Smit scores
|
Batting: RHB Jose Almonte
|
0-0: Swinging Strike 0-1: Called Strike 0-2: Strikes out swinging
|
Batting: LHB Phil DeCamp
|
0-0: Foul Ball, location: 2F 0-1: Ball 1-1: Ball 2-1: Ball 3-1: Base on Balls Sammy Roddenberry to second
|
Batting: LHB Gregg Kellerman
|
0-0: Grounds into double play, 6-4-3 (Groundball, 6, EV 85.6 MPH)
|
Top of the 8th over - 1 run, 2 hits, 0 errors, 1 left on base; Altoona 1 - Columbia 3 |
BOTTOM OF THE 8TH |
Columbia Fireflies batting - Pitching for Altoona Curve : LHP Ryan Rakoff
|
Batting: RHB David Reyna
|
0-0: Ball 1-0: Ball 2-0: Foul Ball, location: 2F 2-1: Foul Ball, location: 2F 2-2: Foul Ball, location: 2F 2-2: Ball 3-2: Foul Ball, location: 2F 3-2: Strikes out swinging
|
Batting: RHB Larry Shoop
|
0-0: Called Strike 0-1: Ball 1-1: Ball 2-1: SINGLE (Line Drive, 6D, EV 94.4 MPH)
|
Pitching: RHP Bobby Detmer
|
|
Batting: RHB Andy Carrell
|
0-0: Called Strike Larry Shoop steals 2nd base (no throw) 0-1: Swinging Strike 0-2: Ground out 6-3 (Groundball, 6, EV 83.1 MPH) Larry Shoop to third
|
Batting: SHB Masatoshi Akahoshi
|
0-0: Swinging Strike 0-1: DOUBLE (Line Drive, 78XD, EV 100.0 MPH) Larry Shoop scores
|
Batting: RHB Jose Lara
|
0-0: SINGLE (Groundball, 56D, EV 97.5 MPH) Masatoshi Akahoshi to third Runner from 3rd tries for Home, throw by LF and OUT! 7-2
|
Bottom of the 8th over - 1 run, 3 hits, 0 errors, 1 left on base; Altoona 1 - Columbia 4 |
TOP OF THE 9TH |
Altoona Curve batting - Pitching for Columbia Fireflies : RHP Jose Esquibel
|
Pitching: RHP Amare Golden
|
|
Batting: RHB Freddy Quintero
|
0-0: Foul Ball, location: 2F 0-1: SINGLE (Groundball, 6MD, EV 105.6 MPH)
|
Batting: LHB Jorge Quintana
|
0-0: SINGLE (Line Drive, 9S, EV 93.8 MPH) Freddy Quintero to second
|
Pinch Hitting: LHB Marc Carter
|
0-0: Ball 1-0: Called Strike 1-1: DOUBLE (Groundball, 3L, EV 101.9 MPH) Freddy Quintero scores Jorge Quintana to third
|
Pinch Hitting: LHB Ruben Garza
|
0-0: Ball 1-0: Swinging Strike 1-1: Ball 2-1: Ball 3-1: Base on Balls
|
Pinch Hitting: SHB Curtis Thompson
|
0-0: Reached on error, E6 (Groundball, 6, EV 91.9 MPH) Jorge Quintana scores Marc Carter to third Ruben Garza to second
|
Batting: LHB Sammy Roddenberry
|
0-0: Ball 1-0: DOUBLE (Flyball, 3D, EV 93.8 MPH) Marc Carter scores Ruben Garza scores Curtis Thompson to third
|
Pitching: LHP Keith Noftall
|
|
Batting: RHB Jose Almonte
|
0-0: Ball Wild Pitch! Curtis Thompson scores Sammy Roddenberry to third 1-0: Ball 2-0: Ball 3-0: Base on Balls
|
Batting: LHB Phil DeCamp
|
0-0: SINGLE (Line Drive, 9S, EV 91.2 MPH) Sammy Roddenberry scores Jose Almonte to second Runner from 2nd tries for 3rd, SAFE, throw by RF made to third
|
Batting: LHB Gregg Kellerman
|
0-0: Ball 1-0: Ball Wild Pitch! Jose Almonte scores Phil DeCamp to second 2-0: Called Strike 2-1: Swinging Strike 2-2: Ground out 4-3 (Groundball, 4, EV 85.6 MPH) Phil DeCamp to third
|
Batting: RHB Freddy Quintero
|
0-0: Ball 1-0: Hit by Pitch
|
Batting: LHB Jorge Quintana
|
0-0: Called Strike 0-1: Ball 1-1: Foul Ball, location: 2F 1-2: Reached on error, E6 (Groundball, 6, EV 86.9 MPH) Phil DeCamp scores Freddy Quintero to second
|
Batting: LHB Marc Carter
|
0-0: Ball 1-0: Foul Ball, location: 2F 1-1: Fly out, F7 (Flyball, 7D, EV 103.1 MPH) Runner from 2nd tags up, SAFE at 3rd, no throw by LF
|
Batting: LHB Ruben Garza
|
0-0: Called Strike 0-1: Swinging Strike 0-2: Ball 1-2: Strikes out looking
|
Top of the 9th over - 8 runs, 5 hits, 2 errors, 2 left on base; Altoona 9 - Columbia 4 |
BOTTOM OF THE 9TH |
Columbia Fireflies batting - Pitching for Altoona Curve : RHP Bobby Detmer
|
Now at 2B: Curtis Thompson
|
|
Now at 3B: Marc Carter
|
|
Now at SS: Ruben Garza
|
|
Batting: SHB Justin Wallace
|
0-0: Ball 1-0: Foul Ball, location: 2F 1-1: Ball 2-1: Ball 3-1: Foul Ball, location: 2F 3-2: Fly out, F8 (Line Drive, 89M, EV 96.2 MPH)
|
Batting: RHB Dan Muse
|
0-0: Called Strike 0-1: Foul Ball, location: 2F 0-2: Ball 1-2: Ball 2-2: Ball 3-2: Foul Ball, location: 2F 3-2: Ground out 1-3 (Groundball, 13S, EV 70.0 MPH)
|
Batting: LHB Tony Leyba
|
0-0: Called Strike 0-1: Foul Ball, location: 2F 0-2: Foul Ball, location: 2F 0-2: Strikes out swinging
|
Bottom of the 9th over - 0 runs, 0 hits, 0 errors, 0 left on base; Altoona 9 - Columbia 4 |
|